 Dungeon Crawl Stone Soup version 0.32-a0-886-g41c5271027 (webtiles) character file.

Game seed: 12907484469276566900

903 BleachOnTheBeach the Chopper (level 7, -4/61 HPs)
             Began as a Mountain Dwarf Fighter on Apr 2, 2024.
             Slain by an ogre
             ... wielding a +0 giant club
              (6 damage)
             ... on level 5 of the Dungeon.
             The game lasted 00:21:27 (3525 turns).

BleachOnTheBeach the Chopper (MDFi)                 Turns: 3525, Time: 00:21:28

Health: -4/61      AC: 18    Str: 20    XL:     7   Next: 80%
Magic:  7/7        EV:  7    Int:  9    God:
Gold:   171        SH:  4    Dex:  9    Spells: 6/6 levels left

rFire   + . .        a - +0 war axe
rCold   . . .        c - +0 buckler
rNeg    . . .        u - +0 chain mail
rPois   .            (no helmet)
rElec   .            o - +0 cloak
rCorr   .            g - +1 pair of gloves
SInv    .            i - +0 pair of boots
Will    .....        (no amulet) Stlth
                     m - ring of protection from fire
HPRegen 0.30/turn    p - +4 ring of protection
MPRegen 0.10/turn

%: no passive effects
@: hasted, very quick
A: runic magic, artefact enchanting
a: no special abilities


You were on level 5 of the Dungeon.
You visited 1 branch of the dungeon, and saw 5 of its levels.

You collected 171 gold pieces.

Inventory:

Hand Weapons
 a - a +0 war axe (weapon)
 r - the +6 rapier of Green Guile {freeze, *Noise rPois Stlth+}
   (You found it on level 3 of the Dungeon)

   rPois:     It protects you from poison.
   *Noise:    It may make a loud noise when swung.
   Stlth+:    It makes you more stealthy.
Missiles
 b - a throwing net (quivered)
Armour
 c - a +0 buckler (worn)
 g - a +1 pair of gloves (worn)
 i - a +0 pair of boots (worn)
 o - a +0 cloak (worn)
 u - a +0 chain mail (worn)
Jewellery
 m - a ring of protection from fire (left hand)
 p - a +4 ring of protection (right hand)
 q - a ring of ice
Wands
 k - a wand of polymorph (3)
 l - a wand of charming (6)
Scrolls
 e - a scroll of teleportation
 j - a scroll of poison
 n - a scroll of immolation
Potions
 v - a potion of curing {unknown}


   Skills:
 + Level 5.1 Fighting
 + Level 7.8 Axes
 + Level 5.2 Armour
 + Level 1.2 Dodging
 + Level 0.2 Stealth
 + Level 4.4 Shields
 + Level 0.4 Evocations


You had 6 spell levels left.
You didn't know any spells.
Your spell library contained the following spells:

 Spells                   Type           Power      Damage    Failure   Level
 Blink                    Tloc           0%         N/A       77%         2
 Lesser Beckoning         Tloc           0%         N/A       77%         2
 Momentum Strike          Conj/Tloc      0%         3d8       77%         2


Dungeon Overview and Level Annotations

Branches:
Dungeon (5/15)
 Temple: D:4-7

Altars:
Dithmenos

Shops:
D:1 [

Annotations:
D:3 2 transporters, RoseCult's ghost, weakling GrEE


Innate Abilities, Weirdness & Mutations

Your spellcasting is much less encumbered by armour.
You can use scrolls of enchantment on lesser artefacts.


Message History

The gnoll hits you from afar with a +0 spear.
* * * LOW HITPOINT WARNING * * *
The hound bites you but does no damage. The gnoll hits you but does no damage.
The howler monkey hits you but does no damage.
The gnoll hits you but does no damage. The adder bites you but does no damage.
The gnoll hits you but does no damage. The ogre hits you with a +0 giant club!
* * * LOW HITPOINT WARNING * * *
You cannot teleport because you are held in place by your roots.
It was a potion of brilliance.
You feel clever all of a sudden. The hound bites you but does no damage.
A hound comes into view.
The howler monkey hits you but does no damage.
You block the gnoll's attack. The adder bites you but does no damage.
The gnoll hits you but does no damage. The hound barely misses you.
You block the gnoll's attack.
It was a potion of cancellation.
Your magical effects are unravelling.
You feel magically purged.
You feel less wooden.
Your +0 cloak unmelds from your body.
Your +1 pair of gloves unmelds from your body.
Your +0 pair of boots unmelds from your body.
Your +0 chain mail unmelds from your body.
You feel a little less clever now.
The howler monkey hoots and howls with incredible vigour!
The adder bites you but does no damage. You block the hound's attack.
The gnoll hits you but does no damage. You block the ogre's attack.
The gnoll closely misses you. The gnoll hits you but does no damage.
The howler monkey hits you but does no damage.
You hear an angry hiss.
You hear a roar!
You hear an angry hiss.
It was a potion of haste.
You feel yourself speed up.
The gnoll is no longer moving quickly. x2
The hound bites you but does no damage. You block the adder's attack.
You block the gnoll's attack. The gnoll hits you but does no damage.
The hound barely misses you.
The howler monkey hits you but does no damage.
The adder bites you but does no damage. The gnoll hits you but does no damage.
The ogre hits you with a +0 giant club.
You die...

####......<.#.##.####
#....................
#....................
#####....................
#...........)....†.......
#.########...............
..# #...............
.###### #>.....Shg......
......# #.<....@Og......
.####..# ##......hgh.....
## ##.....#....... #
.........#...... #
..........#...... #
#.........#...... .
##............... +#
#........#. ...


You could see an ogre, a howler monkey (catching breath), 2 hounds, 3 gnolls and
an adder.

Vanquished Creatures
  Grinder (D:4)
  A steam dragon (D:5)
  An ogre (D:3)
  A wolf (D:4)
  2 scorpions (D:4)
  A gnoll bouda (D:5)
  3 iguanas
  5 gnolls
  4 adders
  A ribbon worm (D:2)
  3 dart slugs
  3 orcs (D:2)
  9 ball pythons
  5 bats
  8 endoplasms
  5 giant cockroaches
  10 goblins
  6 hobgoblins
  10 jackals
  4 quokkas
  2 frilled lizards
  3 kobolds
  4 rats
92 creatures vanquished.

Notes
Turn   | Place    | Note
-------+----------+-------------------------------------------
     0 | D:1      | BleachOnTheBeach the Mountain Dwarf Fighter began the quest
                  | for the Orb.
     0 | D:1      | Reached XP level 1. HP: 19/19 MP: 1/1
    88 | D:1      | Found Hepnossuruu's Antique Armour Shop.
   165 | D:1      | Reached XP level 2. HP: 14/26 MP: 2/2
   293 | D:1      | Reached skill level 3 in Axes
   433 | D:1      | Reached XP level 3. HP: 31/31 MP: 3/3
  1034 | D:2      | Reached skill level 4 in Axes
  1034 | D:2      | Reached XP level 4. HP: 40/40 MP: 4/4
  1757 | D:3      | Identified the +6 rapier of Green Guile {freeze, *Noise
                  | rPois Stlth+}
  1785 | D:3      | Found a transporter.
  1786 | D:3      | Noticed RoseCult's ghost (weakling GrEE)
  1789 | D:3      | Noticed an ogre
  1792 | D:3      | Found a transporter.
  1793 | D:3      | Noticed an ogre
  1811 | D:3      | Noticed an ogre
  1824 | D:3      | Killed an ogre
  1825 | D:3      | Reached skill level 5 in Axes
  1825 | D:3      | Reached XP level 5. HP: 46/46 MP: 5/5
  1865 | D:3      | Found a shadowy altar of Dithmenos.
  2596 | D:4      | Reached XP level 6. HP: 52/52 MP: 6/6
  2670 | D:4      | Noticed Pikel
  2672 | D:4      | Pikel changed into Pikel the wolf
  2672 | D:4      | Noticed Pikel
  2693 | D:4      | Killed Pikel the wolf
  2852 | D:4      | Noticed Grinder
  2863 | D:4      | Paralysed by Grinder for 5 turns
  2880 | D:4      | Reached skill level 6 in Axes
  2887 | D:4      | Killed Grinder
  2888 | D:4      | Reached skill level 5 in Armour
  2888 | D:4      | Reached skill level 1 in Dodging
  2888 | D:4      | Reached XP level 7. HP: 42/60 MP: 7/7
  3427 | D:5      | Entered Level 5 of the Dungeon
  3430 | D:5      | Noticed a steam dragon
  3438 | D:5      | Reached skill level 7 in Axes
  3448 | D:5      | Killed a steam dragon
  3449 | D:5      | Reached skill level 5 in Fighting
  3522 | D:5      | HP: 2/91 [ogre/+0 giant club (12)]
  3525 | D:5      | Slain by an ogre

Illustrated notes

Levels and vault maps discovered:
D:1:      ebering_trefoil_twist, layout_basic, serial_shops,
          nicolae_diamond_shop, moated_statue
D:2:      layout_basic, serial_rivers, chequers_serial_rivers_micro_e,
          chequers_serial_rivers_small_3, chequers_serial_rivers_micro_e,
          chequers_serial_rivers_micro_d, chequers_serial_rivers_micro_e,
          chequers_serial_rivers_small_a, grunt_decor_arrowhead,
          guppyfry_early_orc_mine
D:3:      layout_loops_ring, nicolae_dithmenos_through_a_glass_darkly,
          gammafunk_ghost_smash
D:4:      layout_loops_ring, uniq_grinder, uniq_pikel
D:5:      layout_rooms, dk_xom_monty_hall, lemuel_temple_firewalk_b,
          minmay_joined_circles

Skill      XL: |  1  2  3  4  5  6  7 |
---------------+----------------------+-----
Axes           | 3 4 5 6 7 |  7.8
Fighting       | 4 5 |  5.1
Armour         | 4 5 |  5.2
Shields        | 4 |  4.4
Dodging        | 1 |  1.2
Stealth        | |  0.2
Evocations     | |  0.4

Action                     |  1- 3 |  4- 6 |  7- 9 || total
---------------------------+-------+-------+-------++-------
  Melee: War axe           |   109 |   159 |    72 ||   340
  Evoke: Wand              |       |     2 |       ||     2
    Use: Scroll            |     2 |     6 |     1 ||     9
         Potion            |     1 |     3 |     5 ||     9
 Armour: Scale mail        |   107 |   138 |     7 ||   252
         Chain mail        |       |       |    93 ||    93
         Skin              |       |       |    26 ||    26
  Dodge: Dodged            |    53 |    67 |    38 ||   158
  Block: Buckler           |    26 |    35 |    31 ||    92

Table legend: (Time is in decaauts)
 A = Elapsed time spent in this place.
 B = Non-inter-level travel time spent in this place.
 C = Inter-level travel time spent in this place.
 D = Time resting spent in this place.
 E = Time spent auto-exploring this place.
 F = Levels seen in this place.
 G = Mean time per level.
                   A        B        C        D        E       F      G
               +--------+--------+--------+--------+--------+-----+--------+
         Total |   3627 |   3598 |     29 |    320 |   1443 |   5 |  725.4 |
       Dungeon |   3627 |   3598 |     29 |    320 |   1443 |   5 |  725.4 |
               +--------+--------+--------+--------+--------+-----+--------+

Top non-repeatable levels by time:
     D:4: 1073 daAuts
     D:3: 845 daAuts
     D:1: 816 daAuts
     D:2: 787 daAuts
     D:5: 103 daAuts
